 Dungeon Crawl Stone Soup version 0.18.1-5-g4a78601 (webtiles) character file.

112311 imganon the Severer (level 16, -4/128 HPs)
             Began as a Demonspawn Berserker on May 11, 2016.
             Was the Champion of Trog.
             Slain by Agnes
             ... wielding a +2 vampiric lajatang
              (26 damage)
             ... on level 15 of the Dungeon.
             The game lasted 01:05:51 (30517 turns).

imganon the Severer (Demonspawn Berserker)         Turns: 30517, Time: 01:05:52

Health: -4/128     AC: 25    Str: 24    XL:     16   Next: 11%
Magic:  7/7        EV:  8    Int: 11    God:    Trog [******]
Gold:   3122       SH:  6    Dex: 11    Spells: 0 memorised, 15 levels left

rFire  + + .     SeeInvis .     l - +3 executioner's axe (antimagic)
rCold  + . .     Gourm    .     K - +0 plate armour {rC+}
rNeg   + + .     Faith    .     (shield currently unavailable)
rPois  +         Spirit   .     T - +2 hat of Sunlight {rPois}
rElec  .         Dismiss  .     c - +2 cloak of Hizalaf {Int+4}
rCorr  .         Reflect  +     r - +2 pair of gloves
SustAt .         Harm     .     (boots unavailable)
MR     +++..                    g - +6 amulet of reflection
Stlth  ..........               E - ring of positive energy
                                W - ring "Tomihap" {Wiz rF++ rN+}

@: regenerating, extremely resistant to hostile enchantments, extremely
unstealthy
A: talons 3, rugged brown scales 2, clumsy 1, dopey 1, low mp 1, powered by
death 1, powered by pain 1
a: Berserk, Trog's Hand, Brothers in Arms, Burn Spellbooks, Renounce Religion


You were on level 15 of the Dungeon.
You worshipped Trog.
Trog was exalted by your worship.
You were hungry.

You visited 3 branches of the dungeon, and saw 25 of its levels.
You also visited: Bailey and Ice Cave.

You collected 3122 gold pieces.

Inventory:

Hand Weapons
 j - a +2 executioner's axe of venom
 l - a +3 antimagic executioner's axe (weapon)
Missiles
 z - 71 tomahawks of returning (quivered)
Armour
 c - the +2 cloak of Hizalaf (worn) {Int+4}
   (You acquired it on level 5 of the Lair of Beasts)

   It affects your intelligence (+4).
 r - a +2 pair of gloves (worn)
 K - a +0 plate armour of cold resistance (worn)
 T - the +2 hat of Sunlight (worn) {rPois}
   (You found it on level 8 of the Lair of Beasts)

   It protects you from poison.
Jewellery
 g - a +6 amulet of reflection (around neck)
 v - an uncursed ring of protection from fire
 B - an uncursed ring of sustain attributes
 E - a ring of positive energy (right hand)
 P - an uncursed ring of ice
 S - an uncursed ring of magical power
 W - the ring "Tomihap" (left hand) {Wiz rF++ rN+}
   (You found it on level 14 of the Dungeon)

   [ring of wizardry]

   It improves your spell success rate.
   It greatly protects you from fire.
   It protects you from negative energy.
Wands
 o - a wand of digging (21/24)
 p - a wand of acid (8/15)
 u - a wand of polymorph (6/24)
 D - a wand of disintegration (8/24)
 G - a wand of digging (11/24)
 H - a wand of digging (6/24)
 O - a wand of paralysis (9/24)
 V - a wand of random effects (21/48)
 Z - a wand of random effects (5/48)
Scrolls
 d - 11 scrolls of remove curse
 f - 10 scrolls of teleportation
 h - 12 scrolls of identify
 i - 6 scrolls of enchant armour
 k - 4 scrolls of enchant weapon
 m - 2 scrolls of recharging
 x - 4 scrolls of fog
 y - 2 scrolls of magic mapping
 I - 2 scrolls of fear
 X - a scroll of summoning
Potions
 a - 3 potions of invisibility
 b - 5 potions of cure mutation
 e - 16 potions of curing
 n - 2 potions of might
 s - 2 potions of cancellation
 t - 2 potions of berserk rage
 C - 2 potions of ambrosia
 J - 4 potions of brilliance
 L - a potion of magic
 M - 2 potions of resistance
 N - a potion of agility
 Y - 2 potions of flight
Comestibles
 q - 3 beef jerkies
 w - 8 meat rations
 A - 12 royal jellies
 Q - a slice of pizza
 U - 3 bread rations


   Skills:
 - Level 10.2 Fighting
 * Level 19.9 Axes
 + Level 10.9 Armour
 - Level 1.7 Dodging
 - Level 10.0 Evocations


You had 15 spell levels left.
You didn't know any spells.

Dungeon Overview and Level Annotations

Branches:
Dungeon (15/15)            Temple (0/1) D:5            Lair (8/8) D:10
 Shoals (0/4) Lair:6       Spider (0/4) Lair:3        Slime (0/6) Lair:7
    Orc (2/2) D:11            Elf (0/3) Orc:2        Vaults (0/5) D:14
 Depths: D:15

Altars:
Cheibriados
Elyvilon
Fedhas
Gozag
Kikubaaqudgha
Nemelex Xobeh
Okawaru
Qazlal
Ru
Sif Muna
Trog
Vehumet
Xom
Zin
The Shining One
Beogh
Jiyva

Shops:
D:4 (   D:10 ?   Orc:2 =(*[

Annotations:
D:15 Agnes
Lair:7 1 runed door


Innate Abilities, Weirdness & Mutations

You have claws for feet.
You are mostly covered in rugged brown scales (AC +2, +5% HP).
You regenerate a little health from kills.
You sometimes gain a little power by taking damage.
You are clumsy. (Dex -2)
You are dopey. (Int -2)
Your magical capacity is low (-10% MP).


Message History

Agnes hits you with a vampiric lajatang!
You block Agnes's attack.
Your stone giant misses Agnes.
Agnes hits you with a vampiric lajatang!!
* * * LOW HITPOINT WARNING * * *
Your stone giant hits Agnes!!!
Unknown command.
Drink which item? (? for menu, Esc to quit)
Okay, then.
You closely miss Agnes. Your kick misses Agnes.
Agnes is heavily wounded.
Agnes hits you but does no damage.
Agnes hits you with a vampiric lajatang!
* * * LOW HITPOINT WARNING * * *
Your stone giant hits Agnes!!
Unknown command.
Unknown command.
You miss Agnes. Your kick misses Agnes.
Agnes is almost dead.
Agnes hits you with a vampiric lajatang!!
You die...

#.# #.#
#.# ..#
#.## #C.
#i# #@#
#.# #.#
####.####
#.......#
#.......#
#.......#
#.......#
#.......#


You could see Agnes and a friendly stone giant (berserk).

Vanquished Creatures
  Rupert (Lair:3)
  An orc warlord (Orc:2)
  A frost giant (IceCv)
  Nessos (D:14)
  Azrael (D:13)
  The ghost of Ijustatesigmund the Fighter, a journeyman MiBe of Trog (D:11)
  8 vault guards (D:14)
  12 hydras
  Harold (D:10)
  Erolcha (D:13)
  A catoblepas (Lair:5)
  2 centaur warriors (D:13)
  Erica (D:8)
  7 death yaks
  2 orc high priests (Orc:2)
  Sonja (D:14)
  The ghost of pedritolo the Grappler, a novice MiAs of Okawaru (Bailey)
  An unseen horror (D:12)
  Pikel (D:5)
  2 hill giants
  A lindwurm (Lair:6)
  4 orc sorcerers
  An orb spider (Lair:3)
  7 orc knights
  2 griffons
  2 cyclopes
  8 ugly things
  A manticore (D:14)
  4 elephants
  6 black mambas
  An elephant (shapeshifter) (D:14)
  An ice statue (IceCv)
  A centaur zombie (D:14)
  Joseph (D:7)
  Maurice (D:11)
  22 spiny frogs
  A gargoyle (D:11)
  5 torpor snails
  11 komodo dragons
  2 kobold demonologists (D:14)
  2 rime drakes (Lair:6)
  7 trolls
  17 polar bears
  A jumping spider (shapeshifter) (D:10)
  Grinder (D:6)
  2 giant leeches (Lair:8)
  A two-headed ogre (Orc:1)
  Prince Ribbit (D:5)
  45 blink frogs
  3 shadows
  A wyvern (D:11)
  67 yaks
  3 fire elementals
  3 hungry ghosts
  5 basilisks
  2 steam dragons
  Grum (D:9)
  7 hippogriffs
  6 vampire mosquitoes (Lair:8)
  2 mottled dragons
  5 wargs
  3 hell hounds (D:13)
  24 water moccasins
  14 porcupines
  Duvessa (D:4)
  2 soldier ants (D:9)
  10 ice beasts
  39 orc warriors
  2 black bears
  A wasp (D:11)
  A slave (D:5)
  2 sky beasts (D:11)
  3 phantoms
  4 necrophages (D:9)
  13 wolves
  15 ogres
  13 centaurs
  15 crocodiles
  Blork the orc (D:5)
  3 big kobolds
  27 giant frogs
  A wyvern skeleton (D:13)
  2 scorpions
  Dowan (D:4)
  A troll zombie (D:11)
  2 water moccasin skeletons
  7 killer bees
  7 wights
  An electric eel (D:12)
  5 howler monkeys
  2 giant frog zombies
  8 crimson imps
  2 quasits
  2 centaur skeletons
  7 hounds
  A jelly (D:11)
  21 orc priests
  27 orc wizards
  4 giant frog skeletons
  Natasha (thrice) (D:4)
  10 iguanas
  8 worker ants
  32 sheep
  A killer bee zombie (D:6)
  5 ogre zombies (D:11)
  3 hound zombies
  A hound skeleton (D:9)
  A worker ant zombie (D:10)
  14 gnolls
  8 adders
  50 river rats
  2 shadow imps
  An ooze (D:6)
  An adder skeleton (D:5)
  An adder zombie (D:7)
  2 worms (D:3)
  A dart slug (D:2)
  9 giant geckos
  83 orcs
  5 giant cockroaches
  23 hobgoblins
  4 jackals
  28 kobolds
  3 quokkas
  A ball python (D:2)
  A bat (D:3)
  A giant gecko zombie (D:7)
  6 giant newts
  13 goblins
  3 goblin skeletons (D:11)
  2 goblin zombies (D:11)
  2 hobgoblin skeletons (D:11)
  2 hobgoblin zombies (D:11)
  2 jackal skeletons (D:4)
  A jackal zombie (D:6)
  2 orc skeletons (D:11)
  8 orc zombies (D:11)
  A quokka zombie (D:4)
  5 rats
  11 fungi
  10 plants
975 creatures vanquished.

Vanquished Creatures (others)
  2 centaurs (D:11)
  3 jackals (D:5)
  A kobold (Bailey)
  35 fungi
  23 plants
64 creatures vanquished.

Grand Total: 1039 creatures vanquished

Notes
Turn   | Place    | Note
--------------------------------------------------------------
     0 | D:1      | imganon the Demonspawn Berserker began the quest for the Orb.
     0 | D:1      | Reached XP level 1. HP: 18/18 MP: 1/1
   100 | D:1      | Reached skill level 3 in Axes
   109 | D:1      | Gained mutation: You are partially covered in rugged brown scales (AC +1, +3% HP). [demonic ancestry]
   109 | D:1      | Reached XP level 2. HP: 6/24 MP: 2/2
  1282 | D:2      | Gained mutation: You sometimes gain a little power by taking damage. [demonic ancestry]
  1282 | D:2      | Reached XP level 3. HP: 15/29 MP: 3/3
  1548 | D:2      | Found a white marble altar of Elyvilon.
  1549 | D:2      | Found a glowing silver altar of Zin.
  1550 | D:2      | Found a glowing golden altar of the Shining One.
  1558 | D:2      | Reached skill level 4 in Axes
  1661 | D:2      | Reached ** piety under Trog
  2334 | D:3      | Gained mutation: You are mostly covered in rugged brown scales (AC +2, +5% HP). [demonic ancestry]
  2334 | D:3      | Reached XP level 4. HP: 24/36 MP: 4/4
  2372 | D:3      | Found an ancient bone altar of Kikubaaqudgha.
  2476 | D:3      | Found a deep blue altar of Sif Muna.
  2536 | D:3      | Found a blossoming altar of Fedhas.
  2620 | D:3      | Found a sacrificial altar of Ru.
  2631 | D:3      | Reached skill level 5 in Axes
  2688 | D:3      | Reached XP level 5. HP: 41/43 MP: 5/5
  2800 | D:3      | Found an iron altar of Okawaru.
  3110 | D:4      | Reached skill level 6 in Axes
  3112 | D:4      | Reached XP level 6. HP: 41/49 MP: 6/6
  3395 | D:4      | Noticed Natasha
  3410 | D:4      | Killed Natasha
  3423 | D:4      | Found Geruuvoth's Weapon Shop.
  3571 | D:4      | Reached skill level 7 in Axes
  3573 | D:4      | Noticed Dowan
  3578 | D:4      | Killed Dowan
  3581 | D:4      | Noticed Duvessa
  3593 | D:4      | Killed Duvessa
  3593 | D:4      | Reached XP level 7. HP: 54/54 MP: 7/7
  3695 | D:4      | Noticed Natasha
  3706 | D:4      | Killed Natasha
  3841 | D:4      | Noticed Natasha
  3862 | D:4      | Killed Natasha
  3864 | D:5      | Entered Level 5 of the Dungeon
  3883 | D:5      | Noticed Blork the orc
  3883 | D:5      | Noticed Prince Ribbit
  3888 | D:5      | Killed Prince Ribbit
  3888 | D:5      | Reached *** piety under Trog
  3888 | D:5      | Reached skill level 8 in Axes
  3901 | D:5      | Killed Blork the orc
  3979 | D:5      | Reached skill level 9 in Axes
  3979 | D:5      | Reached XP level 8. HP: 40/60 MP: 8/8
  4124 | D:5      | Noticed Pikel
  4158 | D:5      | Killed Pikel
  4158 | D:5      | Reached skill level 10 in Axes
  4434 | D:5      | Found a staircase to the Ecumenical Temple.
  4878 | D:6      | Found a bloodstained altar of Trog.
  4962 | D:6      | Noticed Grinder
  4962 | D:6      | Paralysed by Grinder for 6 turns
  4970 | D:6      | Paralysed by Grinder for 2 turns
  4977 | D:6      | Killed Grinder
  4977 | D:6      | Reached skill level 11 in Axes
  4977 | D:6      | Reached XP level 9. HP: 66/66 MP: 9/9
  6246 | D:7      | Found an opulent altar of Gozag.
  6284 | D:7      | Reached **** piety under Trog
  6370 | D:7      | Reached skill level 12 in Axes
  6412 | D:7      | Noticed Joseph
  6425 | D:7      | Killed Joseph
  6507 | D:7      | Found a sparkling altar of Nemelex Xobeh.
  6877 | D:8      | Found a shimmering altar of Xom.
  6882 | D:8      | Noticed Erica
  6891 | D:8      | HP: 3/66 [Erica/scimitar of flaming (3)]
  6897 | D:8      | Killed Erica
  6897 | D:8      | Reached skill level 13 in Axes
  6897 | D:8      | Reached XP level 10. HP: 36/73 MP: 10/10
  7188 | D:8      | Found a stormy altar of Qazlal.
  8019 | D:9      | Found a snail-covered altar of Cheibriados.
  8103 | D:9      | Found a radiant altar of Vehumet.
  8294 | D:9      | Noticed Grum
  8296 | D:9      | Killed Grum
  8304 | D:9      | Reached skill level 14 in Axes
  8315 | D:9      | Reached ***** piety under Trog
  8867 | D:9      | Gained mutation: You are dopey. (Int -2) [potion of mutation]
  8867 | D:9      | Gained mutation: Your magical capacity is low (-10% MP). [potion of mutation]
  8867 | D:9      | Gained mutation: You are clumsy. (Dex -2) [potion of mutation]
  8966 | D:10     | Entered Level 10 of the Dungeon
  9018 | D:10     | Found a staircase to the Lair.
  9077 | D:10     | Noticed Harold
  9094 | D:10     | Killed Harold
  9398 | D:10     | Found Teeryvak's Magic Scroll Emporium.
  9468 | D:10     | Reached skill level 15 in Axes
  9468 | D:10     | Gained mutation: You have sharp toenails. [demonic ancestry]
  9468 | D:10     | Reached XP level 11. HP: 66/78 MP: 9/9
  9713 | Lair:1   | Entered Level 1 of the Lair of Beasts
 10330 | Lair:1   | Found a snail-covered altar of Cheibriados.
 10441 | Lair:1   | Noticed a six-headed hydra
 10451 | Lair:1   | Killed a nine-headed hydra
 10451 | Lair:1   | Reached skill level 16 in Axes
 10904 | Lair:1   | HP: 3/78 [poisoned by a black mamba]
 10909 | Lair:1   | HP: 2/78 [poisoned by a black mamba]
 10915 | Lair:1   | HP: 2/78 [poisoned by a black mamba]
 10922 | Lair:1   | HP: 1/78 [poisoned by a black mamba]
 12601 | Lair:3   | Noticed Rupert
 12611 | Lair:3   | Paralysed by Rupert for 3 turns
 13475 | Lair:3   | Killed Rupert
 13475 | Lair:3   | Reached skill level 17 in Axes
 13475 | Lair:3   | Reached XP level 12. HP: 85/85 MP: 8/10
 13920 | Lair:3   | Found a hole to the Spider Nest.
 14743 | Lair:4   | Received a gift from Trog
 15132 | Lair:4   | Noticed a seven-headed hydra
 15139 | Lair:4   | Noticed a six-headed hydra
 15164 | Lair:4   | Killed a 12-headed hydra
 15164 | Lair:4   | Reached skill level 18 in Axes
 15170 | Lair:4   | Killed a 13-headed hydra
 16074 | Lair:5   | Noticed a five-headed hydra
 16085 | Lair:5   | Killed a 13-headed hydra
 16178 | Lair:5   | Identified a scroll of acquirement
 16181 | Lair:5   | Got a bloodstained cloak
 16192 | Lair:5   | Identified the +2 cloak of Hizalaf {Int+4} (You acquired it on level 5 of the Lair of Beasts)
 16311 | Lair:5   | Reached skill level 1 in Evocations
 16523 | Lair:5   | Noticed a catoblepas
 16550 | Lair:5   | Killed a catoblepas
 16824 | Lair:5   | Reached XP level 13. HP: 65/92 MP: 13/13
 16833 | Lair:5   | Reached ****** piety under Trog
 17238 | Lair:6   | Received a gift from Trog
 17323 | Lair:6   | Reached skill level 5 in Fighting
 17777 | Lair:6   | Reached skill level 5 in Evocations
 18091 | Lair:6   | Reached skill level 5 in Armour
 18097 | Lair:6   | Found a staircase to the Shoals.
 18249 | Lair:5   | Received a gift from Trog
 18531 | Lair:7   | Found a runed door.
 18531 | Lair:7   | Found a viscous altar of Jiyva.
 18531 | Lair:7   | Found a staircase to the Slime Pits.
 19681 | Lair:8   | Entered Level 8 of the Lair of Beasts
 19711 | Lair:8   | Gained mutation: You have razor-sharp toenails. [demonic ancestry]
 19711 | Lair:8   | Reached XP level 14. HP: 93/109 MP: 17/17
 19724 | Lair:8   | Received a gift from Trog
 21234 | Lair:8   | Got a crude hat
 21270 | Lair:8   | Identified the +2 hat of Sunlight {rPois} (You found it on level 8 of the Lair of Beasts)
 21381 | Lair:8   | Received a gift from Trog
 22005 | D:11     | Noticed Ijustatesigmund's ghost (journeyman MiBe)
 22006 | D:11     | Found a flagged portal.
 22021 | D:11     | Killed Ijustatesigmund's ghost
 22249 | Bailey   | Entered a bailey
 22274 | Bailey   | Noticed pedritolo's ghost (novice MiAs)
 22283 | Bailey   | Killed pedritolo's ghost
 23110 | D:11     | Noticed Maurice
 23124 | D:11     | Killed Maurice
 23429 | D:11     | Found a staircase to the Orcish Mines.
 23534 | D:11     | Reached skill level 10 in Fighting
 24199 | Orc:1    | Entered Level 1 of the Orcish Mines
 24394 | Orc:1    | Received a gift from Trog
 24512 | Orc:1    | Gained mutation: You regenerate a little health from kills. [demonic ancestry]
 24512 | Orc:1    | Reached XP level 15. HP: 97/120 MP: 20/20
 24675 | Orc:1    | Reached skill level 10 in Evocations
 24747 | Orc:2    | Entered Level 2 of the Orcish Mines
 24809 | Orc:2    | Found a roughly hewn altar of Beogh.
 25167 | Orc:2    | Found a staircase to the Elven Halls.
 25424 | Orc:2    | Paralysed by an orc sorcerer for 5 turns
 25454 | Orc:2    | Received a gift from Trog
 25759 | Orc:2    | Noticed an orc warlord
 25788 | Orc:2    | Killed an orc warlord
 25869 | Orc:2    | Found a roughly hewn altar of Beogh.
 25898 | Orc:2    | Found Idyad's Jewellery Shoppe.
 26117 | Orc:2    | Found Roylihal's General Store.
 26187 | Orc:2    | Found Egoteb's Antique Armour Shoppe.
 26204 | Orc:2    | Found Xaumaefa's Antique Weapon Shoppe.
 26836 | D:12     | Received a gift from Trog
 27167 | D:12     | Found a frozen archway.
 27182 | D:12     | Reached skill level 19 in Axes
 27193 | IceCv    | Entered an ice cave
 27540 | IceCv    | Noticed a frost giant
 27552 | IceCv    | Reached skill level 10 in Armour
 27561 | IceCv    | Killed a frost giant
 27585 | IceCv    | Received a gift from Trog
 28723 | D:13     | Noticed Azrael
 28736 | D:13     | Killed Azrael
 28740 | D:13     | Noticed Erolcha
 28743 | D:13     | Found a white marble altar of Elyvilon.
 28745 | D:13     | Killed Erolcha
 29609 | D:14     | Received a gift from Trog
 29615 | D:14     | Got a heavily runed steel ring
 29621 | D:14     | Identified the ring "Tomihap" {Wiz rF++ rN+} (You found it on level 14 of the Dungeon)
 29769 | D:14     | Noticed Nessos
 29782 | D:14     | Killed Nessos
 29845 | D:14     | Noticed Sonja
 29861 | D:14     | Killed Sonja
 30085 | D:14     | Found a gate to the Vaults.
 30121 | D:14     | Gained mutation: You have claws for feet. [demonic ancestry]
 30121 | D:14     | Reached XP level 16. HP: 107/128 MP: 7/21
 30478 | D:15     | Entered Level 15 of the Dungeon
 30507 | D:15     | Noticed Agnes
 30517 | D:15     | Slain by Agnes

Skill      XL: |  1  2  3  4  5  6  7  8  9 10 11 12 13 14 15 |
---------------+----------------------------------------------+-----
Axes           | 3 4 5 6 7 9 11 13 15 17 18 19 | 19.9
Armour         | 3 6 8 10 | 10.9
Evocations     | 2 7 9 10 | 10.0
Fighting       | 4 7 10 | 10.2
Dodging        | |  1.7

Action                   |  1- 3 |  4- 6 |  7- 9 | 10-12 | 13-15 | 16-18 || total
-------------------------+-------+-------+-------+-------+-------+-------++-------
Melee: Hand axe          |   170 |    77 |       |       |       |       ||   247
       War axe           |       |    68 |   174 |       |       |       ||   242
       Battleaxe         |       |       |    99 |   916 |   863 |       ||  1878
       Kick              |       |       |       |   195 |   484 |    22 ||   701
       Executioner's axe |       |       |       |       |   899 |    69 ||   968
Invok: Berserk           |       |     3 |     6 |     8 |    16 |       ||    33
       Burn Spellbooks   |       |       |       |     1 |     1 |       ||     2
       Trog's Hand       |       |       |       |       |     4 |     1 ||     5
       Brothers in Arms  |       |       |       |       |       |     1 ||     1
Evoke: Wand              |       |       |       |       |     1 |       ||     1
  Use: Potion            |       |       |     2 |    16 |     3 |       ||    21
       Scroll            |       |       |     2 |    13 |     5 |       ||    20
 Stab: Sleeping          |     1 |       |       |       |       |       ||     1
       Paralysed         |       |     1 |       |       |       |       ||     1
  Eat: Chunk             |     3 |     8 |     7 |    25 |    32 |     1 ||    76
       Fruit             |       |       |     5 |    12 |    15 |       ||    32
       Beef jerky        |       |       |     4 |     2 |     1 |       ||     7
       Bread ration      |       |       |     1 |     2 |     1 |       ||     4
       Meat ration       |       |       |       |       |     3 |       ||     3
Armor: Animal skin       |     5 |       |       |       |       |       ||     5
       Chain mail        |    57 |    79 |   144 |    73 |       |       ||   353
       Plate armour      |       |       |       |   454 |  1241 |    25 ||  1720
Dodge: Dodged            |    77 |    60 |   104 |   271 |   672 |    20 ||  1204
Block: Other             |       |       |    33 |   235 |   514 |     9 ||   791
       Reflection        |       |       |     3 |     3 |    23 |       ||    29
